Map: Ruins of Seras

Players

PtitDrogo - Winner!

  • Race: Protoss Protoss
  • League: Master

FireCake

  • Race: Zerg Zerg
  • League: Master

Event: DreamHack ROCCAT LotV Championship

VOD

Have the link to the VOD?

Description

Time

  • Played on: Nov. 26, 2015, 12:07 p.m.
  • Length: 10:43

All games in this series

Show
View Real Time Build Order
Export as new Build Order

PtitDrogo Protoss - Winner!

Build Orders: Nexus First, Oracle Opening 

Get SALT Encoding   

  12  0:00  Probe (Chrono Boost)  
  13  0:11  Probe (Chrono Boost)  
  14  0:17  Pylon  
  14  0:22  Probe (Chrono Boost)  
  15  0:36  Probe (Chrono Boost)  
  16  0:46  Probe (Chrono Boost)  
  17  0:59  Nexus  
  17  1:04  Probe (Chrono Boost)  
  18  1:12  Gateway  
  18  1:15  Probe (Chrono Boost)  
  19  1:20  Assimilator  
  20  1:25  Probe (Chrono Boost)  
  20  1:28  Assimilator  
  20  1:36  Probe (Chrono Boost)  
  21  1:44  Gateway  
  21  1:46  Probe (Chrono Boost)  
  22  1:57  Probe (Chrono Boost)  
  22  1:59  Cybernetics Core  
  23  2:10  Probe (Chrono Boost)  
  23  2:11  Probe (Chrono Boost)  
  25  2:21  Probe (Chrono Boost)  
  25  2:22  Probe (Chrono Boost)  
  27  2:31  Probe (Chrono Boost)  
  27  2:32  Probe (Chrono Boost), Warp Gate (Chrono Boost)  
  27  2:35  Adept x2 (Chrono Boost)  
  33  2:41  Pylon  
  33  2:46  Mothership Core  
  33  2:48  Probe  
  36  3:02  Probe  
  36  3:03  Stargate  
  37  3:07  Probe  
  38  3:13  Probe, Pylon  
  38  3:15  Adept  
  38  3:18  Adept  
  44  3:20  Probe  
  44  3:23  Probe  
  45  3:32  Probe  
  45  3:34  Probe  
  46  3:40  Gateway  
  47  3:42  Pylon  
  47  3:44  Probe  
  47  3:45  Probe  
  47  3:48  Oracle (Chrono Boost)  
  52  3:56  Probe  
  52  3:57  Probe  
  52  4:02  Pylon  
  54  4:05  Assimilator  
  54  4:07  Assimilator  
  54  4:08  Probe  
  56  4:10  Probe  
  56  4:14  Pylon  
  56  4:18  Oracle (Chrono Boost)  
  56  4:20  Probe  
  56  4:22  Probe  
  61  4:32  Probe (Chrono Boost), Adept x2  
  61  4:34  Probe (Chrono Boost)  
  61  4:37  Adept  
  69  4:44  Probe (Chrono Boost)  
  69  4:45  Probe (Chrono Boost)  
  71  4:50  Nexus  
  71  4:51  Pylon  
  71  4:52  Adept  
  73  4:56  Adept  
  75  5:00  Pylon  
  75  5:06  Adept  
  77  5:12  Probe, Void Ray (Chrono Boost)  
  82  5:20  Probe  
  82  5:26  Probe  
  84  5:30  Probe  
  84  5:33  Robotics Facility  
  84  5:35  Forge  
  83  5:38  Probe  
  78  5:43  Probe  
  75  5:50  Probe  
  75  5:53  Probe  
  75  5:54  Void Ray (Chrono Boost)  
  75  5:55  Sentry x3  
  81  6:00  Probe  
  81  6:02  Probe  
  83  6:05  Probe  
  83  6:06  Pylon  
  83  6:09  Protoss Ground Weapons Level 1 (Chrono Boost)  
  83  6:11  Probe, Photon Cannon  
  81  6:13  Photon Cannon  
  81  6:14  Probe  
  81  6:17  Probe  
  84  6:20  Twilight Council  
  84  6:21  Probe  
  84  6:22  Immortal (Chrono Boost)  
  89  6:25  Sentry  
  89  6:26  Sentry, Probe  
  89  6:29  Probe, Assimilator  
  89  6:32  Probe  
  95  6:33  Assimilator  
  95  6:34  Sentry  
  95  6:38  Probe  
  99  6:43  Gateway, Blink  
  99  6:46  Gateway  
  99  6:47  Gateway  
  99  6:50  Probe x2  
  101  6:57  Observer (Chrono Boost)  
  102  7:06  Probe  
  103  7:14  Stalker x3  
  109  7:15  Immortal  
  109  7:20  Gateway  
  109  7:21  Gateway  
  113  7:23  Pylon  
  113  7:25  Pylon  
  113  7:29  Pylon  
  113  7:31  Pylon  
  113  7:38  Robotics Bay  
  113  7:42  Stalker x2  
  113  7:43  Stalker x4  
  125  7:52  Immortal  
  129  8:00  Protoss Ground Weapons Level 2 (Chrono Boost)  
  129  8:13  Stalker  
  129  8:14  Stalker x4  
  137  8:20  Pylon  
  137  8:21  Pylon  
  137  8:23  Pylon  
  137  8:26  Disruptor  
  140  8:36  Stalker x2  
  140  8:37  Stalker x2  
  140  8:39  Stalker  
  150  8:49  Nexus  
  150  8:50  Pylon  
  150  8:52  Pylon  
  150  8:56  Zealot  
  150  8:57  Disruptor, Robotics Facility  
  155  9:09  Stalker x4  
  163  9:10  Stalker  
  159  9:28  Disruptor  
  159  9:36  Stalker x4  
  159  9:37  Stalker  
  172  9:40  Photon Cannon  
  172  9:52  Stalker  
  174  10:01  Oracle  
  174  10:03  Stalker x3, Assimilator  
  174  10:04  Stalker x3  
  186  10:08  Assimilator  
  186  10:12  Photon Cannon  
  165  10:37  Stalker x7  
  165  10:38  Stalker  
Show
View Real Time Build Order
Export as new Build Order

FireCake Zerg 

Build Orders: Hatch First, Lurkers 

Get SALT Encoding   

  12  0:00  Drone  
  13  0:07  Drone  
  14  0:17  Overlord  
  14  0:21  Extractor  
  14  0:23  Drone  
  15  0:35  Drone x2  
  17  0:52  Hatchery  
  17  0:56  Drone  
  17  0:59  Drone  
  18  1:09  Extractor  
  17  1:14  Spawning Pool  
  17  1:17  Drone  
  17  1:20  Drone  
  18  1:26  Drone  
  19  1:40  Drone  
  20  1:49  Drone  
  21  2:01  Drone  
  21  2:04  Queen x2  
  21  2:05  Zergling x2  
  27  2:09  Metabolic Boost  
  27  2:12  Overlord  
  27  2:17  Drone  
  28  2:31  Drone  
  28  2:32  Drone x2  
  31  2:44  Drone x2  
  33  2:52  Hatchery  
  33  2:53  Drone x2  
  34  3:03  Queen  
  35  3:06  Overlord  
  35  3:22  Overlord  
  35  3:25  Zergling x6  
  38  3:27  Drone  
  38  3:28  Drone x3  
  42  3:41  Drone x2  
  42  3:48  Drone x6, Extractor  
  47  3:49  Extractor  
  47  3:51  Overlord  
  47  3:52  Roach Warren  
  47  3:57  Overlord  
  47  4:02  Evolution Chamber  
  46  4:09  Drone x3  
  49  4:19  Drone x3  
  49  4:20  Drone x6, Queen  
  60  4:27  Overlord  
  60  4:33  Spore Crawler x2, Zerg Melee Weapons Level 1  
  60  4:37  Spore Crawler, Drone  
  60  4:38  Drone x2  
  59  4:50  Drone x8  
  67  5:02  Overlord  
  67  5:05  Roach x5  
  77  5:13  Roach x2  
  69  5:28  Roach x2  
  69  5:29  Roach  
  55  5:50  Drone x5  
  55  5:56  Drone  
  58  6:02  Drone x9  
  63  6:08  Lair  
  63  6:16  Drone x3  
  63  6:18  Extractor  
  65  6:22  Drone x4  
  65  6:24  Drone  
  70  6:37  Hatchery  
  69  6:41  Drone x4  
  69  6:42  Drone  
  69  6:43  Drone  
  69  6:46  Drone x2  
  77  6:55  Overlord  
  77  7:01  Drone  
  77  7:02  Drone  
  77  7:03  Drone x2  
  80  7:08  Zerg Melee Weapons Level 2  
  80  7:12  Hydralisk Den  
  80  7:14  Drone x3  
  80  7:16  Drone  
  80  7:17  Drone x6  
  80  7:18  Queen  
  89  7:25  Spore Crawler  
  89  7:28  Overlord x2  
  89  7:29  Overlord  
  88  7:43  Overlord x2  
  86  7:46  Queen x2  
  90  7:51  Extractor  
  90  7:52  Extractor  
  90  7:54  Drone x3  
  90  7:57  Drone x3  
  94  8:02  Ravager x8  
  94  8:03  Zergling x2  
  94  8:04  Zergling x14  
  108  8:14  Queen  
  108  8:17  Overlord  
  108  8:18  Drone x2  
  108  8:19  Drone x3  
  115  8:23  Lurker Den  
  115  8:28  Overlord  
  115  8:29  Drone  
  115  8:33  Zergling x2  
  115  8:34  Zergling x10  
  122  8:37  Spore Crawler  
  121  8:42  Hydralisk x5  
  121  8:47  Hydralisk x2  
  131  8:50  Hydralisk  
  133  9:01  Zergling x2  
  133  9:02  Zergling x12  
  117  9:25  Hydralisk  
  117  9:26  Hydralisk x2, Zergling x2  
  117  9:27  Zergling x14  
  128  9:35  Zergling x16  
  134  9:41  Extractor x2  
  134  9:44  Infestation Pit  
  131  9:50  Lurker x7  
  131  9:52  Overlord x3  
  138  9:59  Zergling x12  
  144  10:04  Overlord x2  
  140  10:15  Zergling x2  
  140  10:16  Zergling x22  

Tags
 
Add a new tag
Caveats
  • Supply blocks, unpowered buildings, or Contaminate may cause inaccurate times.
  • Supply counts are checked every 10 seconds.